 Dungeon Crawl Stone Soup version 0.22-a0-412-g2b68d14 (webtiles) character file.

12077 George the Thaumaturge (level 11, -2/86 HPs)
             Began as a Gnoll Skald on May 12, 2018.
             Was a Believer of Makhleb.
             Slain by emperorscorpion's ghost (5 damage)
             ... on level 11 of the Dungeon.
             The game lasted 00:29:15 (9441 turns).

George the Thaumaturge (Gnoll Skald)                Turns: 9441, Time: 00:29:16

Health: -2/86      AC: 10    Str: 14    XL:     11   Next: 87%
Magic:  3/7        EV: 15    Int: 19    God:    Makhleb [**....]
Gold:   404        SH:  6    Dex: 14    Spells: 15/26 levels left

rFire    + . .     SeeInvis +   A - +8 falchion "Olyuwun" {antimagic, rN+ SInv}
rCold    . . .     Gourm    .   y - +0 buckler
rNeg     + . .     Faith    .   f - +0 ring mail
rPois    .         Spirit   .   v - +1 helmet
rElec    .         Reflect  .   (no cloak)
rCorr    .         Harm     .   m - +0 pair of gloves
MR       .....                  (no boots)
Stlth    +++.......             (no amulet)
HPRegen  0.24/turn              u - +3 ring of slaying
MPRegen  0.10/turn              r - ring of protection from fire

@: no status effects
A: distributed training, fangs 1, strong nose
a: Minor Destruction, Renounce Religion


You were on level 11 of the Dungeon.
You worshipped Makhleb.
Makhleb was pleased with you.
You were not hungry.

You visited 2 branches of the dungeon, and saw 12 of its levels.

You collected 584 gold pieces.
You spent 180 gold pieces at shops.

Inventory:

Hand Weapons
 e - a +3 short sword of draining
 A - the +8 falchion "Olyuwun" (weapon) {antimagic, rN+ SInv}
   (You found it on level 4 of the Dungeon)

   It reduces the magical energy of the wielder, and disrupts the spells and
   magical abilities of those hit.
   Natural abilities and divine invocations are not affected.
   It protects you from negative energy.
   It lets you see invisible.
 C - a +2 rapier of speed
Missiles
 w - 7 javelins (quivered)
 M - a throwing net
Armour
 f - a +0 ring mail (worn)
 m - a +0 pair of gloves (worn)
 v - a +1 helmet (worn)
 y - a +0 buckler (worn)
Magical Staves
 G - an uncursed staff of earth
Jewellery
 r - a ring of protection from fire (right hand)
 u - a +3 ring of slaying (left hand)
 H - an uncursed ring of fire
Wands
 B - a wand of iceblast (8)
 E - a wand of enslavement (13)
 O - a wand of disintegration (16)
 P - a wand of flame (14)
Scrolls
 b - a scroll of enchant armour
 c - a scroll of silence
 g - 5 scrolls of blinking
 l - 3 scrolls of immolation
 o - a scroll of magic mapping
 p - 10 scrolls of teleportation
 q - 5 scrolls of amnesia
 F - a scroll of enchant weapon
 J - 2 scrolls of fear
 N - a scroll of remove curse
Potions
 a - 2 potions of ambrosia
 h - 3 potions of heal wounds {unknown}
 i - 2 potions of degeneration {unknown}
 j - 4 potions of agility {unknown}
 k - 2 potions of brilliance {unknown}
 n - 3 potions of flight {unknown}
 s - 2 potions of cancellation {unknown}
 t - 3 potions of lignification {unknown}
 x - a potion of magic {unknown}
 z - 2 potions of berserk rage {unknown}
 D - a potion of haste {unknown}
 I - a potion of might
 K - 2 potions of curing {unknown}
Comestibles
 d - 28 rations
 L - 2 chunks of flesh


   Skills:
 + Level 8.1 Fighting
 + Level 6.6 Short Blades
 + Level 8.1 Long Blades
 + Level 6.6 Axes
 + Level 6.6 Maces & Flails
 + Level 6.6 Polearms
 + Level 6.6 Staves
 + Level 6.6 Slings
 + Level 6.6 Bows
 + Level 6.6 Crossbows
 + Level 6.6 Throwing
 + Level 7.1 Armour
 + Level 8.1 Dodging
 + Level 6.6 Stealth
 + Level 6.6 Shields
 + Level 6.6 Unarmed Combat
 + Level 8.3 Spellcasting
 + Level 5.4 Conjurations
 + Level 5.4 Hexes
 + Level 7.8 Charms
 + Level 5.4 Summonings
 + Level 5.4 Necromancy
 + Level 5.4 Translocations
 + Level 5.4 Transmutations
 + Level 5.4 Fire Magic
 + Level 5.4 Ice Magic
 + Level 5.4 Air Magic
 + Level 5.4 Earth Magic
 + Level 5.4 Poison Magic
 + Level 7.2 Invocations
 + Level 6.6 Evocations


You had 15 spell levels left.
You knew the following spells:

 Your Spells              Type           Power        Failure   Level  Hunger
a - Infusion              Chrm           ####         1%          1    None
b - Song of Slaying       Chrm           #####...     1%          2    None
c - Shroud of Golubria    Chrm/Tloc      ####......   1%          2    None
d - Regeneration          Chrm/Necr      ####......   3%          3    None
e - Spectral Weapon       Hex/Chrm       ####....     3%          3    None

Your spell library contained the following spells:

 Spells                   Type           Power        Failure   Level  Hunger
 Apportation              Tloc           ####..       1%          1    None
 Confuse                  Hex            ####....     5%          3    None
 Invisibility             Hex            ####....     95%         6    ######.
 Summon Small Mammal      Summ           ####         1%          1    None
 Summon Ice Beast         Ice/Summ       ####....     17%         4    ###....
 Call Imp                 Summ           ####....     2%          2    None
 Tukima's Dance           Hex            ####....     5%          3    None
 Call Canine Familiar     Summ           ####....     5%          3    None
 Ensorcelled Hibernation  Hex/Ice        ####..       2%          2    None
 Summon Butterflies       Summ           ####....     1%          1    None
 Corona                   Hex            ####...      1%          1    None
 Alistair's Intoxication  Tmut/Pois      ####....     43%         5    #####..
 Dazzling Spray           Conj/Hex       ####..       5%          3    None
 Summon Lightning Spire   Summ/Air       ####....     17%         4    ###....
 Summon Guardian Golem    Hex/Summ       ####....     5%          3    None
 Lesser Beckoning         Tloc           ####......   5%          3    None


Dungeon Overview and Level Annotations

Branches:
Dungeon (11/15)            Temple (1/1) D:6
   Lair: D:8-11         Orc: D:9-12

Altars:
Ashenzari
Cheibriados
Dithmenos
Elyvilon
Fedhas
Gozag
Hepliaklqana
Kikubaaqudgha
Makhleb
Nemelex Xobeh
Okawaru
Qazlal
Ru
Sif Muna
Trog
Uskayaw
Vehumet
Wu Jian
Xom
Yredelemnul
Zin
The Shining One

Shops:
D:9 ?   D:10 *

Annotations:
D:11 emperorscorpion's ghost, journeyman MfBe


Innate Abilities, Weirdness & Mutations

Your experience applies equally to all skills.
You have very sharp teeth.
Your uncanny sense of smell can sniff out nearby items.


Message History

The black bear barely misses you. x2
Your shroud bends the black bear's attack away.
You slash emperorscorpion's ghost!
Emperorscorpion's ghost is severely damaged.
Your spectral weapon completely misses emperorscorpion's ghost.
Emperorscorpion's ghost hits you!
* * * LOW HITPOINT WARNING * * *
Your shroud falls apart!
Emperorscorpion's ghost freezes you.
* * * LOW HITPOINT WARNING * * *
You block the black bear's attack. The black bear claws you.
* * * LOW HITPOINT WARNING * * *
The black bear claws you but does no damage.
You barely miss emperorscorpion's ghost.
Emperorscorpion's ghost is severely damaged.
Your spectral weapon hits emperorscorpion's ghost.
Emperorscorpion's ghost hits you!
* * * LOW HITPOINT WARNING * * *
Emperorscorpion's ghost freezes you.
You die...

.........# ....>..<.#
...# ........<# ...#
........># ...#
.......).# ...#
.........# ...#
.........# ...#
.........#####h..#
.............@W..#
..>...........(......
#####################


You could see a black bear, emperorscorpion's ghost and a friendly spectral
falchion "Olyuwun" {antimagic, rN+ SInv}.

Vanquished Creatures
  Gastronok (D:9)
  5 two-headed ogres
  A tengu warrior (D:11)
  The ghost of Gorice the Thaumaturge, a novice DEWn of Vehumet (D:9)
  Nergalle (D:10)
  The ghost of Gorice the Arsonist, a novice DEFE of Vehumet (D:7)
  A tengu conjurer (D:11)
  2 trolls (D:10)
  A hippogriff (D:8)
  A wyvern (D:10)
  Duvessa (D:5)
  A water moccasin (D:9)
  4 ice beasts
  2 sky beasts
  An orc warrior (D:9)
  An eye of draining (D:10)
  4 phantoms
  3 ogres
  3 centaurs
  A big kobold (D:9)
  4 bullfrogs
  A scorpion (D:6)
  Dowan (D:5)
  9 killer bees
  A bullfrog zombie (D:6)
  4 howler monkeys
  3 crimson imps
  4 hounds
  2 quasits
  4 orc priests
  2 bullfrog skeletons
  3 jellies
  A centaur skeleton (D:9)
  4 orc wizards
  5 iguanas
  13 worker ants
  3 hound skeletons
  A howler monkey zombie (D:5)
  9 gnolls
  4 adders
  A shadow imp (D:6)
  2 oozes
  3 adder skeletons
  A worm (D:3)
  2 dart slugs
  A leopard gecko (D:6)
  25 orcs
  6 bats
  7 giant cockroaches
  13 goblins
  9 hobgoblins
  14 jackals
  A quokka (D:2)
  A ball python (D:1)
  6 frilled lizards
  10 kobolds
  A leopard gecko skeleton (D:2)
  A quokka zombie (D:5)
  6 rats
224 creatures vanquished.

Vanquished Creatures (others)
  5 spectral weapons
5 creatures vanquished.

Grand Total: 229 creatures vanquished

Notes
Turn   | Place    | Note
-------+----------+-------------------------------------------
     0 | D:1      | George the Gnoll Skald began the quest for the Orb.
     0 | D:1      | Reached XP level 1. HP: 20/20 MP: 6/6
    73 | D:1      | Reached XP level 2. HP: 24/26 MP: 7/7
    94 | D:1      | Learned a level 2 spell: Song of Slaying
    97 | D:1      | Learned a level 2 spell: Shroud of Golubria
   304 | D:1      | Reached XP level 3. HP: 31/31 MP: 9/9
   574 | D:2      | Reached skill level 5 in Spellcasting
   967 | D:2      | Noticed an ice beast
   978 | D:2      | Killed an ice beast
   978 | D:2      | Reached skill level 1 in Short Blades
   978 | D:2      | Reached skill level 1 in Axes
   978 | D:2      | Reached skill level 1 in Maces & Flails
   978 | D:2      | Reached skill level 1 in Polearms
   978 | D:2      | Reached skill level 1 in Staves
   978 | D:2      | Reached skill level 1 in Slings
   978 | D:2      | Reached skill level 1 in Bows
   978 | D:2      | Reached skill level 1 in Crossbows
   978 | D:2      | Reached skill level 1 in Throwing
   978 | D:2      | Reached skill level 1 in Stealth
   978 | D:2      | Reached skill level 1 in Shields
   978 | D:2      | Reached skill level 1 in Unarmed Combat
   978 | D:2      | Reached skill level 1 in Conjurations
   978 | D:2      | Reached skill level 1 in Hexes
   978 | D:2      | Reached skill level 1 in Summonings
   978 | D:2      | Reached skill level 1 in Necromancy
   978 | D:2      | Reached skill level 1 in Translocations
   978 | D:2      | Reached skill level 1 in Transmutations
   978 | D:2      | Reached skill level 1 in Fire Magic
   978 | D:2      | Reached skill level 1 in Ice Magic
   978 | D:2      | Reached skill level 1 in Air Magic
   978 | D:2      | Reached skill level 1 in Earth Magic
   978 | D:2      | Reached skill level 1 in Poison Magic
   978 | D:2      | Reached skill level 1 in Invocations
   978 | D:2      | Reached skill level 1 in Evocations
   978 | D:2      | Reached XP level 4. HP: 21/38 MP: 4/11
   978 | D:2      | Reached XP level 5. HP: 24/43 MP: 4/12
  2183 | D:4      | Reached XP level 6. HP: 47/50 MP: 13/13
  2200 | D:4      | Reached skill level 5 in Fighting
  2200 | D:4      | Reached skill level 5 in Long Blades
  2200 | D:4      | Reached skill level 5 in Dodging
  2219 | D:4      | Got a crystal dagger
  2220 | D:4      | Identified the +3 dagger "Foixaura" {antimagic, *Corrode Fragile +Blink rElec} (You found it on level 4 of the Dungeon)
  2637 | D:4      | Reached XP level 7. HP: 55/56 MP: 15/15
  2679 | D:4      | Got an ichor-stained falchion
  2680 | D:4      | Identified the +8 falchion "Olyuwun" {antimagic, rN+ SInv} (You found it on level 4 of the Dungeon)
  3528 | D:5      | Entered Level 5 of the Dungeon
  3867 | D:5      | Noticed Duvessa
  3867 | D:5      | Noticed Dowan
  3881 | D:5      | Killed Dowan
  3881 | D:5      | Reached XP level 8. HP: 63/63 MP: 5/16
  3903 | D:5      | Killed Duvessa
  4528 | D:6      | Found a staircase to the Ecumenical Temple.
  4666 | Temple   | Entered the Ecumenical Temple
  4751 | Temple   | Became a worshipper of Makhleb the Destroyer
  4968 | D:6      | Learned a level 3 spell: Regeneration
  4972 | D:6      | Learned a level 3 spell: Spectral Weapon
  5129 | D:7      | Reached XP level 9. HP: 56/69 MP: 6/18
  5138 | D:7      | Noticed Gorice's ghost (novice DEFE)
  5145 | D:7      | Killed Gorice's ghost
  5411 | D:7      | Found a shattered altar of Ashenzari.
  5494 | D:7      | Reached skill level 5 in Armour
  5495 | D:7      | Found a bloodstained altar of Trog.
  5994 | D:8      | Reached * piety under Makhleb
  5994 | D:8      | Reached skill level 5 in Invocations
  6214 | D:8      | Reached XP level 10. HP: 77/77 MP: 6/20
  6326 | D:8      | Found an iron altar of Okawaru.
  6398 | D:8      | Noticed a two-headed ogre
  6414 | D:8      | Killed a two-headed ogre
  6414 | D:8      | Reached skill level 5 in Short Blades
  6414 | D:8      | Reached skill level 5 in Axes
  6414 | D:8      | Reached skill level 5 in Maces & Flails
  6414 | D:8      | Reached skill level 5 in Polearms
  6414 | D:8      | Reached skill level 5 in Staves
  6414 | D:8      | Reached skill level 5 in Slings
  6414 | D:8      | Reached skill level 5 in Bows
  6414 | D:8      | Reached skill level 5 in Crossbows
  6414 | D:8      | Reached skill level 5 in Throwing
  6414 | D:8      | Reached skill level 5 in Stealth
  6414 | D:8      | Reached skill level 5 in Shields
  6414 | D:8      | Reached skill level 5 in Unarmed Combat
  6414 | D:8      | Reached skill level 5 in Evocations
  6459 | D:8      | Noticed a two-headed ogre
  6461 | D:8      | Noticed a two-headed ogre
  6467 | D:8      | Killed a two-headed ogre
  6469 | D:8      | Killed a two-headed ogre
  6549 | D:8      | Found a blossoming altar of Fedhas.
  6982 | D:9      | Noticed Gorice's ghost (novice DEWn)
  7103 | D:9      | Killed Gorice's ghost
  7131 | D:9      | Noticed Gastronok
  7196 | D:9      | Killed Gastronok
  7196 | D:9      | Reached XP level 11. HP: 19/84 MP: 0/22
  7345 | D:9      | Noticed a two-headed ogre
  7352 | D:9      | HP: 2/84 [two-headed ogre/giant spiked club (18)]
  7359 | D:9      | HP: 1/84 [two-headed ogre/giant spiked club (4)]
  7671 | D:8      | Killed a two-headed ogre
  7671 | D:8      | Reached skill level 5 in Conjurations
  7671 | D:8      | Reached skill level 5 in Hexes
  7671 | D:8      | Reached skill level 5 in Summonings
  7671 | D:8      | Reached skill level 5 in Necromancy
  7671 | D:8      | Reached skill level 5 in Translocations
  7671 | D:8      | Reached skill level 5 in Transmutations
  7671 | D:8      | Reached skill level 5 in Fire Magic
  7671 | D:8      | Reached skill level 5 in Ice Magic
  7671 | D:8      | Reached skill level 5 in Air Magic
  7671 | D:8      | Reached skill level 5 in Earth Magic
  7671 | D:8      | Reached skill level 5 in Poison Magic
  7802 | D:9      | Reached ** piety under Makhleb
  7832 | D:9      | Found a white marble altar of Elyvilon.
  7832 | D:9      | Found a faded altar of an unknown god.
  7837 | D:9      | Found a hide-covered altar of Uskayaw.
  7839 | D:9      | Found a shadowy altar of Dithmenos.
  7841 | D:9      | Found a glowing silver altar of Zin.
  7920 | D:9      | Found Dicwurel's Magic Scroll Shop.
  7927 | D:9      | Bought a scroll of remove curse for 45 gold pieces
  7927 | D:9      | Bought a scroll of teleportation for 45 gold pieces
  8258 | D:9      | Found a radiant altar of Vehumet.
  8447 | D:9      | Bought a scroll of identify for 30 gold pieces
  8447 | D:9      | Bought 2 scrolls of identify for 60 gold pieces
  8520 | D:10     | Entered Level 10 of the Dungeon
  8520 | D:10     | Noticed Nergalle
  8531 | D:10     | Killed Nergalle
  8722 | D:10     | Noticed a two-headed ogre
  8729 | D:10     | Killed a two-headed ogre
  8748 | D:10     | Found Afapen's Assorted Antiques.
  8875 | D:10     | Found a shimmering altar of Xom.
  9314 | D:11     | Noticed a tengu warrior
  9329 | D:11     | Killed a tengu warrior
  9428 | D:11     | Noticed emperorscorpion's ghost (journeyman MfBe)
  9441 | D:11     | HP: 3/86 [emperorscorpion's ghost (14)]
  9441 | D:11     | Slain by emperorscorpion's ghost

Vault maps used:
D:1:      tarquinn_simple_flora_water_d
D:3:      first_ration
D:4:      kennysheep_goblin_castle
D:5:      uniq_duvessa
D:6:      minmay_temple_entry_crystal_x
D:7:      nicolae_overflow_crystal_walls, old_standard_altar, grunt_ogre_cave
D:8:      fedhas_altar_1, okawaru_altar_gauntlet_db
D:9:      lemuel_coloured_pillars_altar, chequers_temple_overflow_minitemple,
          serial_shops, shop, dk_noncrumbling_3, uniq_gastronok
D:10:     basic_altar, serial_shops, nicolae_shop_window_shopping, uniq_nergalle
D:11:     minmay_lair_entry_lava, nicolae_trove_entry_crystal, billiards_dpeg
Temple:   eino_temple_lava

Skill      XL: |  1  2  3  4  5  6  7  8  9 10 11 |
---------------+----------------------------------+-----
Spellcasting   | 5 6 7 8 |  8.3
Short Blades   | 1 2 3 4 5 6 |  6.6
Axes           | 1 2 3 4 5 6 |  6.6
Maces & Flails | 1 2 3 4 5 6 |  6.6
Polearms       | 1 2 3 4 5 6 |  6.6
Staves         | 1 2 3 4 5 6 |  6.6
Slings         | 1 2 3 4 5 6 |  6.6
Bows           | 1 2 3 4 5 6 |  6.6
Crossbows      | 1 2 3 4 5 6 |  6.6
Throwing       | 1 2 3 4 5 6 |  6.6
Stealth        | 1 2 3 4 5 6 |  6.6
Shields        | 1 2 3 4 5 6 |  6.6
Unarmed Combat | 1 2 3 4 5 6 |  6.6
Conjurations   | 1 2 3 4 5 |  5.4
Hexes          | 1 2 3 4 5 |  5.4
Summonings     | 1 2 3 4 5 |  5.4
Necromancy     | 1 2 3 4 5 |  5.4
Translocations | 1 2 3 4 5 |  5.4
Transmutations | 1 2 3 4 5 |  5.4
Fire Magic     | 1 2 3 4 5 |  5.4
Ice Magic      | 1 2 3 4 5 |  5.4
Air Magic      | 1 2 3 4 5 |  5.4
Earth Magic    | 1 2 3 4 5 |  5.4
Poison Magic   | 1 2 3 4 5 |  5.4
Invocations    | 1 2 3 4 5 6 7 |  7.2
Evocations     | 1 2 3 4 5 6 |  6.6
Armour         | 3 4 5 6 7 |  7.1
Fighting       | 5 6 7 8 |  8.1
Long Blades    | 5 6 7 8 |  8.1
Dodging        | 5 6 7 8 |  8.1
Charms         | 6 7 |  7.8

Action                   |  1- 3 |  4- 6 |  7- 9 | 10-12 || total
-------------------------+-------+-------+-------+-------++-------
Melee: Falchion          |    87 |       |   238 |   141 ||   466
       Bite              |     9 |     6 |    37 |    35 ||    87
       Hand axe          |       |    69 |     1 |       ||    70
       Staff             |       |       |       |   147 ||   147
 Cast: Song of Slaying   |     3 |       |       |       ||     3
       Shroud of Golubri |     1 |       |     1 |     8 ||    10
       Infusion          |     1 |       |     1 |     3 ||     5
       Spectral Weapon   |       |       |     7 |    21 ||    28
       Regeneration      |       |       |     1 |     2 ||     3
  Use: Scroll            |       |       |     9 |     8 ||    17
 Stab: Sleeping          |       |     1 |    12 |     5 ||    18
       Distracted        |       |       |     1 |     2 ||     3
  Eat: Chunk             |       |     5 |    12 |     8 ||    25
       Ration            |       |       |       |     1 ||     1
Armor: Leather armour    |     7 |       |    26 |       ||    33
       Ring mail         |    21 |    17 |    27 |    83 ||   148
Dodge: Dodged            |    61 |    33 |   118 |   203 ||   415
Block: Shield            |       |     3 |       |       ||     3
       Buckler           |       |     3 |    37 |    84 ||   124
       Rpst.: Falchion   |    14 |       |    38 |    23 ||    75

Table legend:
 A = Spawn XP
 B = Non-spawn XP
 C = Spawn XP percentage of total XP
 D = Spawn monster count
 E = Non-spawn monster count
 F = Spawn count percentage of total count
 G = Total turns spent on level
                    A         B        C        D         E        F      G
               +---------+---------+-------+---------+---------+-------+---------
         Total |       0 |   17253 |   0.0 |       0 |     224 |   0.0 |  9441
               +---------+---------+-------+---------+---------+-------+---------
           D:1 |       0 |      37 |   0.0 |       0 |      23 |   0.0 |   501
           D:2 |       0 |     155 |   0.0 |       0 |      12 |   0.0 |  1062
           D:3 |       0 |      70 |   0.0 |       0 |      15 |   0.0 |   601
           D:4 |       0 |     710 |   0.0 |       0 |      37 |   0.0 |  1364
           D:5 |       0 |     774 |   0.0 |       0 |      23 |   0.0 |   786
           D:6 |       0 |     503 |   0.0 |       0 |      14 |   0.0 |   697
           D:7 |       0 |    1626 |   0.0 |       0 |      26 |   0.0 |   836
           D:8 |       0 |    4707 |   0.0 |       0 |      23 |   0.0 |  1176
           D:9 |       0 |    4085 |   0.0 |       0 |      26 |   0.0 |  1400
          D:10 |       0 |    3405 |   0.0 |       0 |      23 |   0.0 |   796
          D:11 |       0 |    1181 |   0.0 |       0 |       2 |   0.0 |   125
               +---------+---------+-------+---------+---------+-------+---------
